 Dungeon Crawl Stone Soup version 0.17-a0-764-gd40c196 (webtiles) character file.

8253 ventricule the Grappler (level 11, -4/112 HPs)
             Began as a Troll Monk on Apr 23, 2015.
             Slain by a fire elemental (10 damage)
             ... in a volcano.
             The game lasted 00:26:36 (8775 turns).

ventricule the Grappler (Troll Monk)                Turns: 8775, Time: 00:26:36

Health: -4/112     AC:  7    Str: 21    XL:     11   Next: 7%
Magic:  8/8        EV: 13    Int:  8    God:
Gold:   486        SH:  0    Dex: 13    Spells: 0 memorised, 10 levels left

rFire  . . .     SeeInvis .       - Unarmed
rCold  + . .     Clarity  .     a - +0 robe
rNeg   . . .     SustAb   .     (no shield)
rPois  .         Gourm    +     (helmet restricted)
rElec  .         Spirit   .     y - +0 cloak
rCorr  .         Warding  .     (gloves unavailable)
rMut   .         Stasis   .     (boots unavailable)
MR     .....                    (no amulet)
Stlth  +.........               G - ring of protection from cold
                                (no ring)

@: confused, not resistant to hostile enchantments, very unstealthy
A: unfitting armour, claws 3, rugged brown scales 1, fast metabolism 3,
gourmand, low mp 1, regeneration 2, shaggy fur 1, tough skin 2
a: no special abilities


You were in a volcano.
You were not hungry.

You visited 2 branches of the dungeon, and saw 14 of its levels.
You also visited: Sewer and Volcano.

You collected 486 gold pieces.


Innate Abilities, Weirdness & Mutations

You are too large for most types of armour.
You have claws for hands.
Your metabolism is lightning-fast.
You like to eat raw meat.
You heal very quickly.
You are covered in fur (AC +1).
You have very tough skin (AC +2).
You are partially covered in rugged brown scales (AC +1, +3% HP).
Your magical capacity is low (-10% MP).


   Skills:
 - Level 7.2 Fighting
 - Level 7.0 Dodging
 - Level 1.1 Stealth
 + Level 13.2 Unarmed Combat


You had 10 spell levels left.
You didn't know any spells.

Inventory:

Hand weapons
 f - the +0 flail of Bipaski {drain, +Rage rF+ rC+ rN+}
   (You found it on level 4 of the Dungeon)

   A truly terrible weapon, it drains the life of those it strikes.
   It protects you from fire.
   It protects you from cold.
   It protects you from negative energy.
   It lets you go berserk.
Missiles
 E - 2 large rocks {=f}
Armour
 a - a +0 robe (worn)
 y - a +0 cloak (worn)
 F - a troll hide
Jewellery
 A - a ring of loudness
 G - a ring of protection from cold (right claw)
Magical devices
 c - a wand of digging (11)
 s - a wand of fireball (1)
 u - a wand of draining (11)
 v - a wand of disintegration (0)
 C - a wand of confusion (21)
Scrolls
 d - 4 scrolls of teleportation {@r4}
 k - 4 scrolls of fear
 l - a scroll of fog
 m - 2 scrolls of remove curse
 w - a scroll of recharging
 D - 3 scrolls of amnesia
Potions
 e - a potion of flight
 h - 2 potions of restore abilities {unknown}
 i - a potion of cancellation {unknown}
 j - a potion of mutation {!q}
 p - a potion of might
 r - a potion of agility
 t - 4 potions of curing {@q1}
 x - a potion of haste {unknown}
Books
 n - a book of Necromancy
Comestibles
 b - 12 bread rations
 g - a royal jelly
 q - 7 meat rations

Dungeon Overview and Level Annotations

Branches:
Dungeon (11/15)            Temple (0/1) D:4            Lair (3/8) D:11
  Swamp: Lair:3-6    Shoals: Lair:3-6     Snake: Lair:3-6    Spider: Lair:3-6
    Orc: D:9-12

Altars:
Cheibriados
Elyvilon
Gozag
Kikubaaqudgha
Makhleb
Vehumet
Zin

Shops:
D:8

( #### ##..## ##....#
#### #..≈≈.## # ##..##
##.#≈≈## ###
#.≈..############ ####
.≈≈...#####≈#≈### #≈≈##
≈≈≈≈..####≈≈≈≈####E#≈#≈≈+
≈≈≈≈≈≈.'##≈≈#≈##TEE≈##≈≈#
≈≈≈≈≈##############≈##v≈#
#≈#≈## #≈# #####


You could see 3 fire elementals and a fire vortex.


Message History

You open the door.
A fire elemental and a fire vortex come into view.
You are engulfed in roaring flames.
* * * LOW HITPOINT WARNING * * *
2 fire elementals come into view.
The fire elemental closely misses you.
There is an open door here.
You closely miss the fire elemental. Your claw misses the fire elemental.
The fire elemental hits you. The fire elemental burns you!
* * * LOW HITPOINT WARNING * * *
You scratch the fire elemental but do no damage.
The fire elemental misses you.
You scratch the fire elemental but do no damage.
The fire elemental hits you.
* * * LOW HITPOINT WARNING * * *
The fire elemental burns you!
* * * LOW HITPOINT WARNING * * *
You mangle the fire elemental!!
The fire elemental is severely damaged.
The fire elemental hits you. The fire elemental burns you!
* * * LOW HITPOINT WARNING * * *
Drink which item? (? for menu, Esc to quit)
Really quaff
z - a potion of ambrosia {!q}?
You are confused.
You feel invigorated. The fire elemental hits you.
The fire elemental burns you!
* * * LOW HITPOINT WARNING * * *
The fire elemental closely misses you. The fire elemental hits you.
The fire elemental burns you!
You die...

Action                   |  1- 3 |  4- 6 |  7- 9 | 10-12 || total
-------------------------+-------+-------+-------+-------++-------
Melee: Unarmed           |   111 |   172 |   360 |   177 ||   820
Evoke: Wand              |       |       |       |     6 ||     6
  Use: Scroll            |       |    10 |     8 |     5 ||    23
       Potion            |       |       |     3 |     5 ||     8
 Stab: Sleeping          |       |     1 |     5 |     1 ||     7
  Eat: Chunk             |    13 |    10 |    40 |    19 ||    82
       Beef jerky        |     1 |       |       |       ||     1

Vault maps used:
D:1:      mrwooster_arrival_arrow, fountainhead
D:4:      nicolae_gozag_seed_capital, minmay_temple_entry_enclosed_plants,
          gup_sewer_entry_bowl, first_bread, uniq_edmund, uniq_duvessa
D:6:      grunt_ministairs_12, guppyfry_early_elven_hall
D:7:      grunt_ministairs_7, uniq_joseph, uniq_crazy_yiuf_cottage
D:8:      grunt_temple_overflow_open, basic_altar, serial_shops, shop
D:9:      kennysheep_mini_moat, serial_bayou, serial_bayou_pond_a,
          serial_bayou_ford_a, serial_bayou_crossing, serial_bayou_lake_a
D:10:     basic_altar, grunt_ogre_cave, uniq_nergalle, uniq_grum
D:11:     erik_lair_boring, lemuel_old_faithful, uniq_erica
Lair:1:   grunt_forest_small_clearings, uniq_urug
Lair:2:   wad_woods_tower
Lair:3:   nicolae_volcano_entry_s_turn, st_stairs_4, minivault_19,
          serial_bayou_shore_a, infiniplex_staircase_pool
Sewer:    kennysheep_door_sewer
Volcano:  volcano_aerie

Notes
Turn   | Place    | Note
--------------------------------------------------------------
     0 | D:1      | ventricule, the Troll Monk, began the quest for the Orb.
     0 | D:1      | Reached XP level 1. HP: 22/22 MP: 0/0
   229 | D:1      | Reached XP level 2. HP: 27/29 MP: 1/1
   793 | D:2      | Reached skill level 5 in Unarmed Combat
   793 | D:2      | Reached XP level 3. HP: 36/36 MP: 2/2
  1265 | D:3      | Reached XP level 4. HP: 42/44 MP: 3/3
  1376 | D:3      | Reached skill level 6 in Unarmed Combat
  1692 | D:3      | Reached XP level 5. HP: 35/50 MP: 4/4
  1872 | D:4      | Reached skill level 7 in Unarmed Combat
  1930 | D:4      | Found a glowing drain.
  1934 | Sewer    | Entered a sewer
  1943 | Sewer    | Noticed ImmaFairy's ghost (average FoFi)
  1949 | Sewer    | Killed ImmaFairy's ghost
  1949 | Sewer    | Reached XP level 6. HP: 49/59 MP: 5/5
  2011 | Sewer    | Noticed Purgy
  2016 | Sewer    | Killed Purgy
  2016 | Sewer    | Reached skill level 8 in Unarmed Combat
  2153 | D:4      | Noticed a phantom
  2218 | D:4      | Killed a phantom
  2218 | D:4      | Reached XP level 7. HP: 48/66 MP: 6/6
  2236 | D:4      | Noticed Edmund
  2238 | D:4      | Found an opulent altar of Gozag.
  2247 | D:4      | Killed Edmund
  2247 | D:4      | Reached skill level 9 in Unarmed Combat
  2270 | D:4      | Got a slimy flail
  2271 | D:4      | Identified the +0 flail of Bipaski {drain, +Rage rF+ rC+ rN+} (You found it on level 4 of the Dungeon)
  2306 | D:4      | Noticed Duvessa
  2313 | D:4      | Noticed Dowan
  2498 | D:4      | Found a staircase to the Ecumenical Temple.
  2650 | D:4      | Noticed ImmaFairy's ghost (average FeEn)
  2654 | D:4      | Killed Duvessa
  2658 | D:4      | Killed Dowan
  2662 | D:4      | Killed ImmaFairy's ghost
  2662 | D:4      | Reached skill level 10 in Unarmed Combat
  2662 | D:4      | Reached XP level 8. HP: 23/74 MP: 7/7
  2969 | D:5      | Entered Level 5 of the Dungeon
  3055 | D:5      | Noticed topher's ghost (experienced OpAs)
  3067 | D:5      | Killed topher's ghost
  3067 | D:5      | Reached skill level 11 in Unarmed Combat
  3322 | D:5      | Gained mutation: Your magical capacity is low (-10% MP). [mutagenic meat]
  3323 | D:5      | Gained mutation: You are partially covered in rugged brown scales (AC +1, +3% HP). [mutagenic meat]
  3624 | D:6      | Reached skill level 12 in Unarmed Combat
  3781 | D:6      | Reached XP level 9. HP: 82/82 MP: 7/7
  4096 | D:6      | Reached skill level 3 in Fighting
  4096 | D:6      | Reached skill level 3 in Dodging
  4718 | D:7      | Reached skill level 4 in Fighting
  4728 | D:7      | Noticed Crazy Yiuf
  4732 | D:7      | Killed Crazy Yiuf
  4794 | D:7      | Reached skill level 4 in Dodging
  4947 | D:7      | Noticed Joseph
  4956 | D:7      | Killed Joseph
  5144 | D:7      | Reached skill level 5 in Fighting
  5293 | D:8      | Reached skill level 5 in Dodging
  5576 | D:8      | Found a burning altar of Makhleb.
  5576 | D:8      | Found a radiant altar of Vehumet.
  5579 | D:8      | Found a glowing silver altar of Zin.
  5580 | D:8      | Found a white marble altar of Elyvilon.
  5733 | D:8      | Found a snail-covered altar of Cheibriados.
  5798 | D:8      | Found Jookim's Antique Weapon Shop.
  6060 | D:8      | Reached XP level 10. HP: 83/99 MP: 8/8
  6705 | D:9      | Noticed a four-headed hydra
  6764 | D:9      | Killed a four-headed hydra
  6764 | D:9      | Reached skill level 6 in Fighting
  6764 | D:9      | Reached skill level 6 in Dodging
  6881 | D:9      | Found an ancient bone altar of Kikubaaqudgha.
  7413 | D:10     | Entered Level 10 of the Dungeon
  7570 | D:10     | Noticed a hill giant
  7604 | D:11     | Noticed a cyclops
  7629 | D:11     | Killed a cyclops
  7629 | D:11     | Reached skill level 7 in Fighting
  7631 | D:11     | Reached skill level 7 in Dodging
  7821 | D:11     | Found a staircase to the Lair.
  7829 | Lair:1   | Entered Level 1 of the Lair of Beasts
  8077 | Lair:1   | HP: 8/105 [basilisk (6)]
  8564 | Lair:3   | Found a dark tunnel.
  8570 | Volcano  | Entered a volcano
  8579 | Volcano  | Reached skill level 13 in Unarmed Combat
  8579 | Volcano  | Reached XP level 11. HP: 83/112 MP: 8/8
  8773 | Volcano  | HP: 7/112 [fire elemental (11)]
  8774 | Volcano  | HP: 3/112 [fire elemental (9)]
  8775 | Volcano  | Slain by a fire elemental

Vanquished Creatures
  A hydra (D:9)
  A cyclops (D:11)
  Joseph (D:7)
  A spiny frog (Lair:3)
  The ghost of topher the Covert, an experienced OpAs of Okawaru (D:5)
  A komodo dragon (Lair:1)
  A fire vortex (Volcano)
  A blink frog (Lair:1)
  2 trolls
  3 fire elementals (Volcano)
  A deep elf fighter (D:6)
  A wyvern (D:6)
  A steam dragon (D:9)
  A yak (Lair:1)
  A hippogriff (D:9)
  Edmund (D:4)
  2 water moccasins (Lair:3)
  A porcupine (Lair:3)
  A sky beast (D:5)
  Duvessa (D:4)
  An ogre (D:10)
  A phantom (D:4)
  Purgy (Sewer)
  The ghost of ImmaFairy the Vexing, an average FeEn (D:4)
  2 orc warriors (D:7)
  2 ice beasts
  A centaur (D:5)
  The ghost of ImmaFairy the Shield-Bearer, an average FoFi (Sewer)
  An eye of draining (D:10)
  A crocodile (D:9)
  3 giant frogs
  A big kobold (D:6)
  Dowan (D:4)
  A wyvern zombie (D:7)
  12 killer bees
  3 electric eels (D:9)
  A quasit (D:6)
  5 orc priests
  4 hounds
  4 crimson imps
  Crazy Yiuf (D:7)
  A jelly (D:7)
  6 worker ants
  3 orc wizards
  5 iguanas
  A hound zombie (D:9)
  A hound skeleton (D:7)
  A worker ant zombie (D:5)
  8 gnolls
  15 adders
  A shadow imp (D:7)
  12 river rats
  5 worms
  5 giant geckos
  33 orcs
  17 bats
  A bat skeleton (D:4)
  4 giant cockroaches
  11 goblins
  13 hobgoblins
  13 jackals
  3 quokkas
  A ball python (D:4)
  8 giant newts
  A jackal skeleton (D:4)
  13 kobolds
  13 rats
  2 ballistomycetes (D:7)
269 creatures vanquished.

Vanquished Creatures (others)
  A giant spore (D:7)
1 creature vanquished.

Grand Total: 270 creatures vanquished
